 Dungeon Crawl Stone Soup version 0.30-a0-1074-g5db6f66fbb (webtiles) character file.

Game seed: 16006801198434118286

118 jimonade the Magician (level 5, -8/40 HPs)
             Began as a Djinni Warper on Apr 14, 2023.
             Mangled by Grinder (9 damage)
             ... on level 3 of the Dungeon.
             The game lasted 00:02:45 (1287 turns).

jimonade the Magician (Djinni Warper)               Turns: 1287, Time: 00:02:45

Health: -8/40      AC:  4    Str: 10    XL:     5   Next: 23%
Gold:   143        EV: 12    Int: 14    God:
                   SH:  0    Dex: 18

rFire   + + .      SeeInvis .    a - +6 hand axe of Beogh's Generosity {drain, +Blink rPois Dex+3}
rCold   x . .      Faith    .    (no shield)
rNeg    . . .      Spirit   .    b - +0 leather armour
rPois   ∞          Reflect  .    (no helmet)
rElec   .          Rampage  .    j - +0 cloak
rCorr   .                        (no gloves)
Will    .....                    (boots unavailable)
Stlth   +                        (no amulet)
HPRegen 0.26/turn                (no ring)
MPRegen 0.00/turn                (no ring)

@: flying
A: sickness immunity, fire resistance 2, cold vulnerability 1, float, innate
caster, HP casting, extra vitality 1
a: Evoke Blink


You were on level 3 of the Dungeon.
You visited 1 branch of the dungeon, and saw 3 of its levels.

You collected 143 gold pieces.

Inventory:

Hand Weapons
 a - the +6 hand axe of Beogh's Generosity (weapon) {drain, +Blink rPois Dex+3}
   (You found it on level 2 of the Dungeon)

   Dex:       It affects your dexterity (+3).
   rPois:     It protects you from poison.
   +Blink:    It lets you blink.
 g - a +0 falchion
 k - a +0 long sword
 m - a +0 sling
 q - a +3 short sword
Missiles
 d - 7 boomerangs of dispersal
Armour
 b - a +0 leather armour (worn)
 j - a +0 cloak (worn)
Scrolls
 c - a scroll of blinking
 e - 3 scrolls of amnesia {unknown}
 f - 3 scrolls of identify {unknown}
 h - 5 scrolls of enchant armour {unknown}
 l - a scroll of teleportation {unknown}
 n - 2 scrolls of fog {unknown}
 o - a scroll of immolation {unknown}
 p - a scroll of poison {unknown}
Potions
 i - a potion of attraction {unknown}
 r - a potion of curing {unknown}
 s - a potion of might {unknown}
 t - a potion of ambrosia {unknown}
 u - a potion of invisibility {unknown}


   Skills:
 + Level 3.0 Fighting
 - Level 1.7 Long Blades
 - Level 0.7 Throwing
 - Level 1.0 Armour
 - Level 2.1 Dodging
 + Level 3.9 Spellcasting


You knew the following spells:

 Your Spells              Type           Power      Damage    Failure   Level
a - Blink                 Tloc           26%        N/A       8%          2
b - Lesser Beckoning      Tloc           26%        N/A       8%          2
c - Vhi's Electric Charg  Tloc/Air       26%        N/A       16%         3
d - Teleport Other        Tloc           13%        N/A       16%         3
e - Manifold Assault      Tloc           13%        N/A       45%         4
f - Foxfire               Conj/Fire      52%        2x1d6     5%          1
g - Scorch                Fire           26%        2d6       8%          2
Your spell library was empty.

Dungeon Overview and Level Annotations

Branches:
Dungeon (3/15)

Altars:

Annotations:
D:3 Grinder


Innate Abilities, Weirdness & Mutations

You are immune to sickness and miasma.
You are immune to poison.
Your flesh is very heat resistant. (rF++)
You are vulnerable to cold. (rC-)
You float through the air rather than walking.
You learn spells naturally, not from books.
Your magical power is your life essence.
You have superior vitality. (+4 MHP)


Message History

Grinder is moderately wounded.
The orc throws a boomerang.
The boomerang barely misses you. Grinder hits you!
You barely miss Grinder. You punch Grinder.
Grinder is moderately wounded.
You hit the orc wizard. You drain the orc wizard.
The orc wizard gestures at you while chanting.
The magic dart hits you! Grinder gestures at you.
Pain shoots through your body!
You slash the orc wizard!
You kill the orc wizard!
You barely miss Grinder. Grinder gestures at you.
You suddenly lose the ability to move!
Your Fighting skill increases to level 3!
You have reached level 5!
The power to cast Scorch wells up from within.
Spell assigned to 'g'.
The orc hits you but does no damage. Grinder hits you.
* * * LOW HITPOINT WARNING * * *
You writhe in agony.
* * * LOW HITPOINT WARNING * * *
You can move again.
You barely miss the orc.
The orc is heavily wounded.
You hit Grinder. The orc barely misses you.
Grinder blinks!
The orc hits you with a +0 whip.
* * * LOW HITPOINT WARNING * * *
You closely miss the orc.
The orc is heavily wounded.
The orc hits you but does no damage.
Grinder blinks!
You closely miss the orc.
The orc is heavily wounded.
The orc hits you with a +0 whip.
* * * LOW HITPOINT WARNING * * *
Okay, then.
Unknown command.
You barely miss the orc.
The orc is heavily wounded.
You closely miss Grinder. The orc closely misses you. Grinder hits you!
You die...

######### .#
........###########.# .
.######.#.......)...#.# .#
##.#...........#.# ##
#..#..............
#..............#
#..#...........# #
#..#####.)...#.#.####
######..#####..#@5........
.....#..#........o).....).
...#.#..#.#######.#.#.....
...# #... ...#....... ...#
##.# #####o...### ...#
....# #### .o.... ......#
..... .......


You could see Grinder and an orc.

Vanquished Creatures
  Terence (D:3)
  An orc wizard (D:3)
  2 adders (D:3)
  A worm (D:2)
  3 dart slugs
  An orc (D:3)
  4 ball pythons
  3 endoplasms
  A giant cockroach (D:1)
  A goblin (D:3)
  3 hobgoblins
  3 jackals (D:1)
  3 quokkas (D:2)
  4 bats
  4 frilled lizards (D:2)
  A kobold (D:1)
  5 rats
41 creatures vanquished.

Vanquished Creatures (others)
  52 foxfires
52 creatures vanquished.

Grand Total: 93 creatures vanquished

Notes
Turn   | Place    | Note
-------+----------+-------------------------------------------
     0 | D:1      | jimonade the Djinni Warper began the quest for the Orb.
     0 | D:1      | jimonade set off with the following spells memorised:
                  | Blink, Lesser Beckoning, Vhi's Electric Charge, Teleport
                  | Other, Manifold Assault.
     0 | D:1      | Reached XP level 1. HP: 18/18 MP: 0/0
   201 | D:1      | Reached XP level 2. HP: 21/23 MP: 0/0
   346 | D:1      | Found a faded altar of an unknown god.
   445 | D:1      | Reached XP level 3. HP: 28/28 MP: 0/0
   445 | D:1      | Learned a level 1 spell: Foxfire
   661 | D:2      | Identified the +6 hand axe of Beogh's Generosity {drain,
                  | +Blink rPois Dex+3}
  1174 | D:3      | Reached XP level 4. HP: 32/34 MP: 0/0
  1241 | D:3      | Noticed Terence
  1251 | D:3      | Killed Terence
  1269 | D:3      | Noticed Grinder
  1282 | D:3      | Paralysed by Grinder for 2 turns
  1283 | D:3      | Reached XP level 5. HP: 16/40 MP: 0/0
  1283 | D:3      | Learned a level 2 spell: Scorch
  1286 | D:3      | HP: 1/40 [orc/+0 whip (4)]
  1287 | D:3      | Mangled by Grinder

Illustrated notes

Levels and vault maps discovered:
D:1:      minmay_arrival_glassed_features, layout_rooms,
          ebering_ecumenical_altar_mist
D:2:      layout_basic
D:3:      layout_basic, mainiacjoe_overflow_boulevard,
          chequers_serial_rivers_room_a, saegor_snake_ambush, uniq_terence,
          uniq_ijyb, uniq_grinder

Skill      XL: |  1  2  3  4 |
---------------+-------------+-----
Spellcasting   | 3 |  3.9
Fighting       | 3 |  3.0
Long Blades    | |  1.7
Throwing       | |  0.7
Armour         | |  1.0
Dodging        | |  2.1

Action                     |  1- 3 |  4- 6 || total
---------------------------+-------+-------++-------
  Melee: Short sword       |    61 |       ||    61
         Hand axe          |    18 |     9 ||    27
         Punch             |       |     1 ||     1
   Cast: Foxfire           |    14 |    17 ||    31
   Stab: Sleeping          |     2 |       ||     2
 Armour: Leather armour    |    39 |     2 ||    41
  Dodge: Dodged            |    51 |     3 ||    54

Table legend: (Time is in decaauts)
 A = Elapsed time spent in this place.
 B = Non-inter-level travel time spent in this place.
 C = Inter-level travel time spent in this place.
 D = Time resting spent in this place.
 E = Time spent auto-exploring this place.
 F = Levels seen in this place.
 G = Mean time per level.
                   A        B        C        D        E       F      G
               +--------+--------+--------+--------+--------+-----+--------+
         Total |   1291 |   1224 |     67 |      0 |    937 |   3 |  430.3 |
       Dungeon |   1291 |   1224 |     67 |      0 |    937 |   3 |  430.3 |
               +--------+--------+--------+--------+--------+-----+--------+

Top non-repeatable levels by time:
     D:2: 593 daAuts
     D:1: 577 daAuts
     D:3: 119 daAuts
